 Dungeon Crawl Stone Soup version 0.31-a0-1074-g0b22e4e0f1 (webtiles) character file.

Game seed: 8100045197716207829

1228 Jeffwins the Digger (level 8, 0/67 HPs)
             Began as a Troll Earth Elementalist on Nov 29, 2023.
             Slain by Pikel
             ... wielding a +1 whip of electrocution
              (6 damage)
             ... on level 5 of the Dungeon.
             The game lasted 00:07:00 (5251 turns).

Jeffwins the Digger (Troll Earth Elementalist)      Turns: 5251, Time: 00:07:00

Health: 0/67       AC:  4    Str: 23    XL:     8   Next: 23%
Magic:  0/11       EV:  9    Int: 13    God:
Gold:   315        SH:  0    Dex: 10    Spells: 6/13 levels left

rFire   . .          .
                       - Unarmed
rCold   . . .        (no shield)
rNeg    . . .        a - +0 robe
rPois   .            (helmet restricted)
rElec   .            (no cloak)
rCorr   .            (gloves unavailable)
SInv    .            (boots unavailable)
Will    .....        G - amulet of guardian spirit
Stlth   +            S - +6 ring of strength
HPRegen 1.11/turn    (no ring)
MPRegen 0.12/turn

%: guardian spirit
@: attractive
A: large, unfitting armour, claws 3, regeneration 1, shaggy fur 1, tough skin 1
a: no special abilities


You were on level 5 of the Dungeon.
You visited 1 branch of the dungeon, and saw 5 of its levels.

You collected 315 gold pieces.


Innate Abilities, Weirdness & Mutations

You are too large for most types of armour.
You have claws for hands.
Your natural rate of healing is unusually fast.
You are covered in fur. (AC +1)
You have tough skin. (AC +1)


   Skills:
 - Level 1.5 Dodging
 - Level 1.0 Stealth
 * Level 4.5 Unarmed Combat
 * Level 3.1 Spellcasting
 * Level 2.0 Conjurations
 - Level 0.6 Transmutations
 * Level 1.8 Air Magic
 * Level 5.0 Earth Magic
 * Level 2.0 Poison Magic
 * Level 1.4 Shapeshifting


You had 6 spell levels left.
You knew the following spells:

 Your Spells              Type           Power      Damage    Failure   Level
c - Mephitic Cloud        Conj/Pois/Air  7%         N/A       30%         3
x - Stone Arrow           Conj/Erth      22%        3d8       16%         3
z - Sandblast             Erth           30%        2d9       3%          1

Your spell library contained the following spells:

 Spells                   Type           Power      Damage    Failure   Level
 Magic Dart               Conj           28%        1d4       10%         1
 Passwall                 Tmut/Erth      7%         N/A       11%         2
 Kiss of Death            Conj/Necr      16%        2d6       16%         1
 Call Imp                 Summ           4%         N/A       34%         2
 Brom's Barrelling Bould  Conj/Erth      11%        2d3       47%         4
 Confusing Touch          Hex            2%         N/A       56%         3
 Petrify                  Tmut/Erth      9%         N/A       56%         4
 Dispel Undead            Necr           2%         3d7       92%         4

Inventory:

Missiles
 k - 11 boomerangs
 s - 4 poisoned darts
 w - a throwing net {=f}
Armour
 a - a +0 robe (worn)
Jewellery
 G - an amulet of guardian spirit (around neck)
 S - a +6 ring of strength (left claw)
Talismans
 v - a maw talisman
Scrolls
 c - 4 scrolls of teleportation {@r4}
 e - a scroll of brand weapon {unknown}
 f - 2 scrolls of vulnerability {unknown}
 g - 6 scrolls of identify {unknown}
 i - a scroll of enchant armour {unknown}
 j - 2 scrolls of fog {unknown}
 q - 2 scrolls of blinking {unknown}
 u - a scroll of immolation {unknown}
Potions
 b - a potion of magic
 d - 2 potions of haste {unknown}
 h - 2 potions of attraction {!q}
 l - a potion of cancellation {unknown}
 m - a potion of berserk rage {unknown}
 n - a potion of invisibility {unknown}
 o - a potion of mutation {unknown}
 p - a potion of ambrosia {unknown}
 r - a potion of might {unknown}
 t - a potion of lignification {unknown}

Dungeon Overview and Level Annotations

Branches:
Dungeon (5/15)
 Temple: D:4-7

Altars:
Dithmenos
Elyvilon
Makhleb
The Shining One

Annotations:
D:5 Pikel

#.......#### #.
#..##...###. #..$#
##.....#.##.. ###....
#.#.###.....#
##.#.(.#########..###...###
#...#..#.##..###..#....####
.
#.......###................
..
#.....#5##..#..###..###.#.
#..# #...#.5K@...### #.##
#.## #...###.....5###..#
#.# #.## .##.........###
##.## #.# #..#
...........?# #..#
#.####..# ##....##...##
##.####.##..... .....
##...## #..##......... ....
##...## ##.##..#####.. ##5
#..#..### ##....## ##. #
#.####..###...#..## #.


You could see Pikel and 3 lemures.


Message History

You scratch Pikel but do no damage.
Pikel is moderately wounded.
Pikel hits you with a +1 whip of electrocution.
You scratch Pikel but do no damage.
Pikel is moderately wounded.
Pikel hits you but does no damage.
You are electrocuted!
* * * LOW HITPOINT WARNING * * *
You are too injured to fight recklessly!
You are too injured to fight recklessly!
Unknown command.
You closely miss Pikel.
Pikel is moderately wounded.
Pikel hits you with a +1 whip of electrocution.
* * * LOW HITPOINT WARNING * * *
You are electrocuted!
* * * LOW HITPOINT WARNING * * *
Press: ? - help, v - describe, . - travel
Here: Pikel, wielding a +1 whip of electrocution, wearing a +0 robe and carrying a wand of mindburst (moderately wounded)
The floor, spattered with blood.
Casting: Stone Arrow (dangerous; 16% risk of failure)
Confirm with . or Enter, or press ? or * to list all spells.
You don't have enough magic to cast this spell.
Unknown command.
Okay, then.
It was a potion of attraction.
You feel attractive to monsters.
Pikel hits you with a +1 whip of electrocution!
You die...
Pikel says, "Another soul for the market."

Skill      XL: |  1  2  3  4  5  6  7  8 |
---------------+-------------------------+-----
Unarmed Combat | 1 2 3 4 |  4.5
Earth Magic    | 3 4 5 |  5.0
Spellcasting   | 2 3 |  3.1
Conjurations   | 1 2 |  2.0
Air Magic      | 1 |  1.8
Poison Magic   | 1 2 |  2.0
Shapeshifting  | 1 |  1.4
Dodging        | |  1.5
Stealth        | |  1.0
Transmutations | |  0.6

Action                     |  1- 3 |  4- 6 |  7- 9 || total
---------------------------+-------+-------+-------++-------
  Melee: Unarmed           |    82 |   108 |   162 ||   352
         Punch             |       |     4 |     2 ||     6
  Throw: Boomerang         |       |       |     3 ||     3
   Cast: Sandblast         |    10 |    13 |     1 ||    24
         Stone Arrow       |       |     2 |     4 ||     6
    Use: Scroll            |       |     1 |       ||     1
         Potion            |       |       |     1 ||     1
   Stab: Sleeping          |       |     2 |     1 ||     3
 Armour: Robe              |    52 |    87 |   116 ||   255
  Dodge: Dodged            |    36 |    55 |    73 ||   164

Levels and vault maps discovered:
D:1:      dpeg_arrival_rooms_a, layout_basic
D:2:      layout_basic
D:3:      minmay_thinvault, layout_loops_ring, grunt_decor_clamped,
          uniq_sigmund, uniq_terence
D:4:      layout_layer_cave, chequers_temple_overflow_minitemple,
          pf_just_have_faith
D:5:      kennysheep_six_static_rooms, layout_layer_cave, uniq_menkaure,
          uniq_blork_the_orc, uniq_pikel

Notes
Turn   | Place    | Note
-------+----------+-------------------------------------------
     0 | D:1      | Jeffwins the Troll Earth Elementalist began the quest for
                  | the Orb.
     0 | D:1      | Reached XP level 1. HP: 16/16 MP: 1/1
   118 | D:1      | Reached XP level 2. HP: 18/24 MP: 3/3
   222 | D:1      | Reached skill level 1 in Unarmed Combat
   226 | D:1      | Reached skill level 3 in Earth Magic
   388 | D:2      | Reached XP level 3. HP: 31/31 MP: 0/4
   865 | D:2      | Reached skill level 2 in Unarmed Combat
   865 | D:2      | Reached XP level 4. HP: 36/39 MP: 3/5
  1493 | D:3      | Noticed Terence
  1502 | D:3      | Killed Terence
  1503 | D:3      | Reached skill level 2 in Spellcasting
  1758 | D:3      | Reached XP level 5. HP: 27/45 MP: 1/7
  1825 | D:3      | You fall into a shaft and drop 2 floors!
  1825 | D:5      | Entered Level 5 of the Dungeon
  1924 | D:4      | Noticed an ice beast
  1936 | D:4      | Killed an ice beast
  1937 | D:4      | Reached skill level 3 in Unarmed Combat
  1937 | D:4      | Reached skill level 4 in Earth Magic
  1975 | D:4      | Identified the +0 ring mail of Hitippaf {rPois}
  1994 | D:4      | Learned a level 3 spell: Mephitic Cloud
  1998 | D:4      | Learned a level 3 spell: Stone Arrow
  2058 | D:4      | Noticed a black bear
  2071 | D:4      | Killed a black bear
  2072 | D:4      | Reached XP level 6. HP: 38/53 MP: 4/8
  2212 | D:4      | Noticed a water moccasin
  2219 | D:4      | Killed a water moccasin
  2220 | D:4      | Reached skill level 1 in Conjurations
  2307 | D:3      | Noticed Sigmund
  2316 | D:3      | Killed Sigmund
  2317 | D:3      | Reached skill level 1 in Air Magic
  2317 | D:3      | Reached skill level 1 in Poison Magic
  2317 | D:3      | Reached XP level 7. HP: 52/59 MP: 6/10
  2822 | D:3      | Reached skill level 4 in Unarmed Combat
  3579 | D:4      | Found a shadowy altar of Dithmenos.
  4210 | D:4      | Found a glowing golden altar of the Shining One.
  4210 | D:4      | Found a white marble altar of Elyvilon.
  4216 | D:4      | Found a faded altar of an unknown god.
  4218 | D:4      | Found a burning altar of Makhleb.
  4219 | D:4      | Found a faded altar of an unknown god.
  4609 | D:5      | Noticed Menkaure
  4614 | D:5      | Killed Menkaure
  4681 | D:5      | Noticed Blork the orc
  4689 | D:5      | Killed Blork the orc
  4690 | D:5      | Reached skill level 3 in Spellcasting
  4732 | D:5      | Reached skill level 1 in Shapeshifting
  4732 | D:5      | Reached XP level 8. HP: 57/67 MP: 7/11
  4863 | D:5      | Reached skill level 5 in Earth Magic
  4955 | D:5      | Reached skill level 2 in Poison Magic
  5089 | D:5      | Reached skill level 2 in Conjurations
  5225 | D:5      | Noticed Pikel
  5250 | D:5      | HP: 5/67 [Pikel/+1 whip of electrocution (14)]
  5251 | D:5      | Slain by Pikel

Vanquished Creatures
  Sigmund (D:3)
  Menkaure (D:5)
  A water moccasin (D:4)
  A black bear (D:4)
  2 ice beasts
  A lemure (D:5)
  Blork the orc (D:5)
  A scorpion (D:5)
  2 jellies
  An orc priest (D:3)
  2 hounds (D:5)
  Terence (D:3)
  2 orc wizards (D:5)
  14 adders
  A worm (D:2)
  2 dart slugs
  22 orcs
  8 bats
  7 endoplasms
  2 giant cockroaches
  7 goblins
  6 hobgoblins
  6 jackals
  3 quokkas
  4 ball pythons
  6 frilled lizards
  6 kobolds
  4 rats
115 creatures vanquished.

Table legend: (Time is in decaauts)
 A = Elapsed time spent in this place.
 B = Non-inter-level travel time spent in this place.
 C = Inter-level travel time spent in this place.
 D = Time resting spent in this place.
 E = Time spent auto-exploring this place.
 F = Levels seen in this place.
 G = Mean time per level.
                   A        B        C        D        E       F      G
               +--------+--------+--------+--------+--------+-----+--------+
         Total |   5242 |   5112 |    130 |    133 |   4036 |   5 | 1048.4 |
       Dungeon |   5242 |   5112 |    130 |    133 |   4036 |   5 | 1048.4 |
               +--------+--------+--------+--------+--------+-----+--------+

Top non-repeatable levels by time:
     D:4: 1564 daAuts
     D:3: 1347 daAuts
     D:2: 1106 daAuts
     D:5: 916 daAuts
     D:1: 307 daAuts

Table legend:
 A = Non-vault XP
 B = Vault XP
 C = Vault XP percentage of total XP
 D = Non-vault monster count
 E = Vault monster count
 F = Vault count percentage of total count
                 A         B        C        D         E       F
            +---------+---------+-------+---------+---------+-------
      Total |    1184 |     571 |  32.5 |      93 |      21 |  18.4
            +---------+---------+-------+---------+---------+-------
        D:1 |      25 |       0 |   0.0 |      15 |       0 |   0.0
        D:2 |      95 |       0 |   0.0 |      21 |       0 |   0.0
        D:3 |     113 |     311 |  73.3 |      24 |      19 |  44.2
        D:4 |     501 |       0 |   0.0 |      17 |       0 |   0.0
        D:5 |     450 |     260 |  36.6 |      16 |       2 |  11.1
            +---------+---------+-------+---------+---------+-------
